 Seeded DCSS version 0.27.1-3-gb3d3a73c9e (webtiles) character file.

Game seed: 20211020 (custom seed)

1 jessy the Grasshopper (level 1, 0/10 HPs)
             Began as a Spriggan Warper on Oct 20, 2021.
             Slain by a hobgoblin (4 damage)
             ... on level 1 of the Dungeon.
             The game lasted 00:00:34 (124 turns).

jessy the Grasshopper (Spriggan Warper)              Turns: 124, Time: 00:00:34

Health: 0/10       AC:  2    Str:  7    XL:     1   Next: 16%
Magic:  5/5        EV: 17    Int: 14    God:
Gold:   20         SH:  0    Dex: 14    Spells: 5/5 levels left

rFire    . . .     SeeInvis +   a - +0 short sword
rCold    . . .     Faith    .   (shield restricted)
rNeg     . . .     Spirit   .   b - +0 robe
rPois    .         Reflect  .   (helmet restricted)
rElec    .         Harm     .   (no cloak)
rCorr    .         Rampage  .   (gloves unavailable)
Will     .....                  (boots unavailable)
Stlth    +.........             (no amulet)
HPRegen  0.03/turn              (no ring)
MPRegen  0.09/turn              (no ring)

@: very quick
A: very small, no large weapons, unfitting armour, see invisible, speed 3
a: no special abilities


You were on level 1 of the Dungeon.
You visited 1 branch of the dungeon, and saw 1 of its levels.

You collected 20 gold pieces.

Inventory:

Hand Weapons
 a - a +0 short sword (weapon)
Missiles
 d - 5 boomerangs of dispersal (quivered)
 e - 26 stones
Armour
 b - a +0 robe (worn)
Scrolls
 c - a scroll of blinking
Potions
 f - a potion of ambrosia {unknown}


   Skills:
 + Level 1.5 Fighting
 + Level 2.3 Short Blades
 + Level 1.0 Throwing
 + Level 3.2 Dodging
 + Level 2.6 Spellcasting
 + Level 4.4 Translocations


You had 5 spell levels left.
You didn't know any spells.
Your spell library contained the following spells:

 Spells                   Type           Power      Damage    Failure   Level
 Blink                    Tloc           N/A        N/A       5%          2
 Gell's Gravitas          Tloc           7%         N/A       11%         3
 Lesser Beckoning         Tloc           7%         N/A       11%         3
 Teleport Other           Tloc           14%        N/A       11%         3
 Manifold Assault         Tloc           14%        N/A       71%         5


Dungeon Overview and Level Annotations

Branches:
Dungeon (1/15)

Altars:


Innate Abilities, Weirdness & Mutations

You are very small and have problems with some larger weapons.
You are too small for most types of armour.
You have supernaturally acute eyesight. (SInv)
You cover ground extremely quickly. (Speed+++)


Message History

You start resting.
HP restored.
You now have 13 gold pieces (gained 9).
f - a lumpy amethyst potion
There is a dry fountain here.
There is a dry fountain here.
There is a dry fountain here.
There is a fountain of clear blue water here.
There is a fountain of clear blue water here.
You can't go down here!
You can't go up here!
You open the door.
Found 7 gold pieces.
There is an open door here.
You now have 20 gold pieces (gained 7).
A hobgoblin comes into view.
The hobgoblin shouts!
A frilled lizard comes into view.
The frilled lizard moves out of view.
The hobgoblin hits you.
The frilled lizard hisses angrily.
The hobgoblin hits you but does no damage.
The hobgoblin closely misses you.
You closely miss the hobgoblin. The hobgoblin misses you.
You barely miss the hobgoblin. The hobgoblin hits you.
You hit the hobgoblin but do no damage. The hobgoblin misses you.
You barely miss the hobgoblin. The hobgoblin misses you.
You closely miss the hobgoblin. The hobgoblin misses you.
You barely miss the hobgoblin. The hobgoblin completely misses you.
You hit the hobgoblin but do no damage. The hobgoblin closely misses you.
You completely miss the hobgoblin. The hobgoblin hits you.
You barely miss the hobgoblin. The hobgoblin misses you.
You barely miss the hobgoblin. You hit the hobgoblin.
The hobgoblin is heavily wounded.
The hobgoblin misses you.
You hit the hobgoblin but do no damage.
The hobgoblin is heavily wounded.
The hobgoblin hits you.
You die...

#..⌠........⌠........⌠..#
#.......................#
##...######...######...##
##+## ##>## ##'## .# ###
###..# ...### ####...##
#....#####....###
#...#...#### #.@.###
##g## ..l.. #.##### #. .
##


You could see a hobgoblin and a frilled lizard.

Vanquished Creatures
  A giant cockroach (D:1)
1 creature vanquished.

Notes
Turn   | Place    | Note
-------+----------+-------------------------------------------
     0 | D:1      | jessy the Spriggan Warper began the quest for the Orb.
     0 | D:1      | Reached XP level 1. HP: 10/10 MP: 5/5
   124 | D:1      | Slain by a hobgoblin

Illustrated notes

Levels and vault maps discovered:
D:1:      minmay_arrival_split_and_join, layout_basic, minmay_domino_4

Action                   || total
-------------------------++-------
Melee: Short sword       ||    19
Armor: Robe              ||     3
Dodge: Dodged            ||    14
